 Dungeon Crawl Stone Soup version 0.23.2-1-ga50397a (webtiles) character file.

Game seed: 15007653643663014639

747 schauveau the Slinger (level 8, 0/49 HPs)
             Began as a Halfling Hunter on May 5, 2019.
             Was a Believer of Dithmenos.
             Succumbed to a killer bee's poison
             ... on level 5 of the Dungeon.
             The game lasted 00:08:27 (4065 turns).

schauveau the Slinger (Halfling Hunter)             Turns: 4065, Time: 00:08:27

Health: 0/49       AC:  9    Str: 10 (13) XL:     8   Next: 6%
Magic:  8/8        EV: 14    Int:  8 (9)  God:    Dithmenos [**....]
Gold:   119        SH:  0    Dex: 15 (17) Spells: 7/7 levels left

rFire    . . .     SeeInvis .   b - +2 dagger (elec)
rCold    . . .     Gourm    +   (shield restricted)
rNeg     . . .     Faith    .   c - +0 leather armour
rPois    .         Spirit   .   n - +2 helmet
rElec    .         Reflect  .   s - +0 cloak
rCorr    .         Harm     .   j - +0 pair of gloves
MR       .....                  d - +0 pair of boots
Stlth    +++.......             p - amulet of the gourmand
HPRegen  0.16/turn              (no ring)
MPRegen  0.11/turn              (no ring)

@: lethally poisoned (0 -> -20), wreathed by umbra
A: small, mutation resistance 1
a: Shadow Step, Renounce Religion


You were on level 5 of the Dungeon.
You worshipped Dithmenos.
Dithmenos was pleased with you.
You were very full.

You visited 1 branch of the dungeon, and saw 5 of its levels.

You collected 119 gold pieces.

Inventory:

Hand Weapons
 a - a +1 hunting sling
 b - a +2 dagger of electrocution (weapon)
 o - a +0 short sword
 v - a +0 dagger of venom
Missiles
 h - 73 arrows
 m - 22 poisoned needles
 q - 47 stones (quivered)
 Q - 16 sling bullets
Armour
 c - a +0 leather armour (worn)
 d - a +0 pair of boots (worn)
 j - a +0 pair of gloves (worn)
 n - a +2 helmet (worn)
 s - a +0 cloak (worn)
 x - a +0 buckler
Jewellery
 p - an amulet of the gourmand (around neck)
 z - an uncursed ring of fire
 A - a cursed ring of teleportation {unknown}
Scrolls
 e - 2 scrolls of identify {unknown}
 k - a scroll of magic mapping {unknown}
 l - 4 scrolls of teleportation {unknown}
 u - a scroll of blinking {unknown}
 y - a scroll of enchant weapon {unknown}
Potions
 g - a potion of degeneration
 i - a potion of lignification {unknown}
 r - a potion of mutation {unknown}
 B - a potion of brilliance {unknown}
Comestibles
 f - 7 rations


   Skills:
 - Level 1.7 Fighting
 * Level 10.7 Slings
 - Level 2.1 Dodging
 + Level 5.1 Stealth
 + Level 3.2 Shields


You had 7 spell levels left.
You didn't know any spells.
Your spell library was empty.

Dungeon Overview and Level Annotations

Branches:
Dungeon (5/15)
 Temple: D:4-7

Altars:
Ashenzari
Dithmenos
Elyvilon
Fedhas
Sif Muna

Annotations:
D:4 2 runed translucent doors, kokakoda's ghost, amateur MiFi


Innate Abilities, Weirdness & Mutations

You are small and have problems with some larger weapons.
You are somewhat resistant to further mutation.


Message History

The killer bee stings you.
* * * LOW HITPOINT WARNING * * *
You are more poisoned.
The killer bee poisons you! The killer bee misses you. x2
You hear the crackle of electricity.
b - a +2 dagger of electrocution (weapon)
You feel less invigorated.
You feel less confused.
* * * LOW HITPOINT WARNING * * *
You feel sick. The killer bee stings you!
* * * LOW HITPOINT WARNING * * *
You miss the killer bee.
The killer bee is severely wounded.
* * * LOW HITPOINT WARNING * * *
You feel sick. The killer bee misses you. The killer bee closely misses you.
The crimson imp puffs mist at you.
Unknown command.
You closely miss the killer bee.
The killer bee is severely wounded.
You die...

... ........ .... ##.....###
....#####.....#
........#...Z.#
.....>..#.....# #######
........#.....# #.....#
..............# #.....#
##.....%#.....######.....##
........(....(5y@.........#
........############.....#####
....##### #..<....†.....#.#
.... #.#.###.....#.#.# ...
#.#.###.....#.#.# ..
#.#...........#.#
#.#####.....###.#
#...............#
#################


You could see a killer bee and a crimson imp.

Vanquished Creatures
  2 ogres (D:4)
  A scorpion (D:4)
  3 killer bees
  2 hounds (D:4)
  Crazy Yiuf (D:2)
  2 iguanas (D:4)
  A centaur skeleton (D:4)
  2 orc wizards (D:4)
  2 worker ants
  3 adders
  2 oozes (D:4)
  An adder skeleton (D:5)
  2 dart slugs
  A leopard gecko (D:3)
  An orc (D:4)
  A ball python (D:4)
  5 giant cockroaches
  17 goblins
  5 hobgoblins
  11 jackals
  2 quokkas (D:3)
  8 bats (D:1)
  7 frilled lizards
  11 kobolds
  7 rats
100 creatures vanquished.

Notes
Turn   | Place    | Note
-------+----------+-------------------------------------------
     0 | D:1      | schauveau the Halfling Hunter began the quest for the Orb.
     0 | D:1      | Reached XP level 1. HP: 14/14 MP: 1/1
     6 | D:1      | Noticed a salamander
     8 | D:1      | Noticed a redback
     8 | D:1      | Noticed a lindwurm
    24 | D:1      | Reached skill level 6 in Slings
    98 | D:3      | Found a white marble altar of Elyvilon.
    98 | D:3      | Found a shadowy altar of Dithmenos.
    99 | D:3      | Found a shattered altar of Ashenzari.
   116 | D:3      | Became a worshipper of Dithmenos the Shadowed
   194 | D:2      | Reached XP level 2. HP: 19/19 MP: 2/2
   231 | D:2      | Found a blossoming altar of Fedhas.
   623 | D:1      | Reached XP level 3. HP: 21/24 MP: 3/3
   692 | D:1      | Reached skill level 7 in Slings
   790 | D:1      | Reached * piety under Dithmenos
  1384 | D:2      | Reached XP level 4. HP: 29/29 MP: 4/4
  1926 | D:2      | Found a runed translucent door.
  1927 | D:2      | Noticed Crazy Yiuf
  1942 | D:2      | Killed Crazy Yiuf
  1942 | D:2      | Reached skill level 8 in Slings
  1942 | D:2      | Reached XP level 5. HP: 11/34 MP: 0/5
  2485 | D:3      | Found a deep blue altar of Sif Muna.
  2921 | D:4      | Found a large runed translucent door.
  2921 | D:4      | Found a large runed translucent door.
  2923 | D:4      | Noticed kokakoda's ghost (amateur MiFi)
  2995 | D:4      | Reached XP level 6. HP: 34/39 MP: 6/6
  3081 | D:4      | Reached skill level 9 in Slings
  3081 | D:4      | Reached skill level 1 in Shields
  3101 | D:4      | Noticed an ogre
  3106 | D:4      | Killed an ogre
  3145 | D:4      | Reached XP level 7. HP: 42/44 MP: 7/7
  3243 | D:4      | Reached ** piety under Dithmenos
  3262 | D:4      | Reached skill level 10 in Slings
  3744 | D:5      | Entered Level 5 of the Dungeon
  3770 | D:4      | Reached skill level 5 in Stealth
  3781 | D:4      | Reached XP level 8. HP: 39/49 MP: 8/8
  4064 | D:5      | HP: 2/49 [poisoned by a killer bee]
  4065 | D:5      | Succumbed to a killer bee's poison

Skill      XL: |  1  2  3  4  5  6  7 |
---------------+----------------------+-----
Slings         | 6 7 8 9 10 | 10.7
Stealth        | 2 3 4 5 |  5.1
Shields        | 1 3 |  3.2
Fighting       | |  1.7
Dodging        | |  2.1

Action                   |  1- 3 |  4- 6 |  7- 9 || total
-------------------------+-------+-------+-------++-------
Melee: Short sword       |    56 |       |       ||    56
       Dagger            |       |    28 |    21 ||    49
       Hunting sling     |       |       |     2 ||     2
 Fire: Hunting sling     |    63 |   152 |    81 ||   296
  Use: Potion            |       |       |     5 ||     5
 Stab: Sleeping          |     1 |       |       ||     1
  Eat: Chunk             |     1 |    12 |     2 ||    15
       Ration            |       |     1 |       ||     1
Armor: Leather armour    |    23 |    22 |    34 ||    79
Dodge: Dodged            |    87 |    79 |    91 ||   257
